 Dungeon Crawl Stone Soup version 0.24.0-2-g5b39cebb1c (webtiles) character file.

Game seed: 3197650528878333914, levelgen mode: deterministic

5733 Masnef the Summoner (level 10, -10/57 HPs)
             Began as a Deep Elf Summoner on Oct 31, 2019.
             Was an Elder of Sif Muna.
             Hit by a javelin thrown by a minotaur (20 damage)
             ... in a Gauntlet.
             The game lasted 00:42:58 (13642 turns).

Masnef the Summoner (Deep Elf Summoner)            Turns: 13642, Time: 00:42:58

Health: -10/57     AC: 12    Str:  9    XL:     10   Next: 48%
Magic:  0/22       EV: 15    Int: 24    God:    Sif Muna [****..]
Gold:   378        SH:  5    Dex: 15    Spells: 10/23 levels left

rFire    . . .     SeeInvis .   L - +3 dagger (venom)
rCold    x . .     Gourm    .   n - +0 buckler
rNeg     + . .     Faith    .   C - +2 robe {rN+}
rPois    .         Spirit   +   p - +1 helmet
rElec    .         Reflect  .   d - +0 cloak
rCorr    .         Harm     .   (no gloves)
MR       +....     NoTele   +   (no boots)
Stlth    +++.......             q - amulet of guardian spirit
HPRegen  0.19/turn              G - +5 ring of protection
MPRegen  0.18/turn              k - ring of Fedhas's Supremacy {rC- Str+4 Slay+3}

@: no status effects
A: no striking features
a: Channel Magic, Forget Spell, Divine Exegesis, Renounce Religion


You were in a Gauntlet.
You worshipped Sif Muna.
Sif Muna was greatly pleased with you.
You were very hungry.

You visited 2 branches of the dungeon, and saw 12 of its levels.
You also visited: Gauntlet.

You collected 378 gold pieces.

Inventory:

Hand Weapons
 b - a +2 dagger of protection
 e - a +0 short sword
 g - a +2 dagger of holy wrath
 L - a +3 dagger of venom (weapon)
Armour
 a - a +0 robe
 d - a +0 cloak (worn)
 n - a +0 buckler (worn)
 p - a +1 helmet (worn)
 x - a +0 buckler
 A - a +2 leather armour of fire resistance
 C - a +2 robe of positive energy (worn)
 H - a scarf of cloud immunity
Jewellery
 k - the ring of Fedhas's Supremacy (right hand) {rC- Str+4 Slay+3}
   (You found it in a Gauntlet)

   [ring of slaying]

   It affects your strength (+4).
   It affects your accuracy and damage with ranged weapons and melee attacks
   (+3).
   It makes you vulnerable to cold.
 q - an amulet of guardian spirit (around neck)
 v - an uncursed amulet of rage
 G - a +5 ring of protection (left hand)
Wands
 B - a wand of enslavement (7)
 D - a wand of random effects (18)
 F - a wand of polymorph (10)
Scrolls
 i - 2 scrolls of enchant armour
 j - 5 scrolls of teleportation
 o - 3 scrolls of enchant weapon
 r - a scroll of magic mapping
 s - 7 scrolls of remove curse
 w - a scroll of identify
 z - 3 scrolls of blinking
 J - a scroll of fog {unknown}
 K - a scroll of fear {unknown}
Potions
 f - 4 potions of magic
 h - 2 potions of heal wounds
 l - 2 potions of mutation
 m - 2 potions of haste
 t - 2 potions of degeneration
 u - a potion of might {unknown}
 E - a potion of berserk rage {unknown}
Comestibles
 c - 19 rations


   Skills:
 * Level 4.3 Fighting
 + Level 4.0 Short Blades
 - Level 1.0 Armour
 + Level 5.3 Dodging
 + Level 5.7 Stealth
 - Level 4.0 Shields
 - Level 7.0 Spellcasting
 * Level 11.0 Summonings
 - Level 3.1 Ice Magic
 - Level 3.0 Air Magic
 * Level 3.3 Invocations


You had 10 spell levels left.
You knew the following spells:

 Your Spells              Type           Power        Failure   Level  Hunger
b - Call Imp              Summ           ######..     1%          2    None
c - Call Canine Familiar  Summ           ######..     1%          3    None
d - Summon Lightning Spi  Summ/Air       #####...     4%          4    ###....
e - Summon Ice Beast      Ice/Summ       #####...     3%          4    ###....

Your spell library contained the following spells:

 Spells                   Type           Power        Failure   Level  Hunger
 Summon Small Mammal      Summ           ####         1%          1    None
 Summon Guardian Golem    Hex/Summ       ####....     2%          3    None
 Animate Skeleton         Necr           N/A          7%          1    None
 Pain                     Necr           #...         7%          1    None
 Regeneration             Chrm/Necr      #.........   22%         3    None
 Vampiric Draining        Necr           #.........   22%         3    None
 Animate Dead             Necr           N/A          56%         4    ###....


Dungeon Overview and Level Annotations

Branches:
Dungeon (11/15)            Temple (1/1) D:4            Lair (0/6) D:9
    Orc (0/2) D:10        Gauntlet (1/1)

Altars:
Ashenzari
Cheibriados
Dithmenos
Gozag
Kikubaaqudgha
Makhleb
Ru
Sif Muna
Uskayaw
Vehumet
Wu Jian
Yredelemnul
Zin
The Shining One

Shops:
D:5 }   D:6 (   D:7 *

Annotations:
Gauntlet 8 transporters, exclusion: orange crystal statue


Message History

Evoke which item? (* to show all) (? for menu, Esc to quit)
Okay, then.
Casting: Call Canine Familiar (safe; 1% risk of failure)
Confirm with . or Enter, or press ? or * to list all spells.
You don't have enough magic to cast that spell.
Unknown command.
You fail to use your ability.
Your ice beast barely misses the minotaur.
Your lightning spire shoots out a bolt of lightning at the minotaur!
The bolt of electricity hits the minotaur!
The minotaur throws a javelin.
The javelin pierces through your ice beast! x2
The javelin pierces through you!!
* * * LOW HITPOINT WARNING * * *
Your ice beast hits the minotaur but does no damage.
The minotaur throws a javelin.
The javelin pierces through your ice beast!!
The javelin pierces through your ice beast.
The javelin pierces through you!!
You die...

#[. #8. #/. #### #8H #.8### #..
#....# #8. #..#.# .#..##H##..#.#
......8YY....# #.#.##.#.##@#.#
#.#... #....#.#
###.#.#######.#.###
.................#
#.♣.♣.©.©.©.©.♣.♣.#
................. # ###
################# ### ###
###≈###...........###≈###≈###≈###
≈#≈≈≈#..♣P.....P♣..#≈≈≈#≈≈≈#≈≈≈#≈


You could see a minotaur, 2 friendly ice beasts and a friendly lightning spire.

Vanquished Creatures
  A polar bear (D:11)
  2 meliai (Gauntlet)
  A shadow (D:11)
  A wraith (D:10)
  A necrophage (D:10)
  5 bullfrogs
  A scorpion (D:10)
  A howler monkey (D:7)
  A hound (D:9)
  An orc priest (D:7)
  A bullfrog skeleton (D:10)
  An orc wizard (D:8)
  5 worker ants
  A gnoll (D:3)
  3 adders
  A shadow imp (D:6)
  An ooze (D:5)
  2 dart slugs
  2 worms (D:4)
  5 leopard geckos
  16 orcs
  5 giant cockroaches
  4 goblins
  2 hobgoblins
  6 jackals
  3 quokkas
  A ball python (D:3)
  3 bats
  4 frilled lizards
  4 kobolds
  5 rats
90 creatures vanquished.

Vanquished Creatures (collateral kills)
  Josephine (D:10)
  Sonja (D:10)
  Nergalle (D:10)
  A gargoyle (D:10)
  A meliai (Gauntlet)
  3 hornets
  3 shadows (Gauntlet)
  A wyvern (D:9)
  2 wraiths (D:10)
  2 wargs (D:9)
  Edmund (D:4)
  4 ice beasts
  6 ogres
  2 necrophages (D:8)
  3 orc warriors
  A centaur (D:9)
  A big kobold (D:9)
  5 bullfrogs
  9 killer bees
  2 scorpions
  6 howler monkeys
  2 jellies
  A bullfrog zombie (D:5)
  A quasit (D:10)
  A bullfrog skeleton (D:5)
  2 hounds (D:8)
  8 orc priests
  8 orc wizards
  4 iguanas
  2 worker ants
  2 killer bee zombies (D:7)
  Robin (D:2)
  A hound skeleton (D:8)
  2 worker ant zombies
  11 gnolls
  9 adders
  An ooze (D:1)
  An adder skeleton (D:8)
  2 worms
  2 dart slugs (D:1)
  36 orcs
  4 giant cockroaches
  8 hobgoblins
  5 jackals
  A quokka (D:4)
  A ball python (D:3)
  3 bats
  A frilled lizard (D:1)
  13 goblins
  5 kobolds
  5 rats
199 creatures vanquished.

Vanquished Creatures (others)
  A killer bee (D:9)
1 creature vanquished.

Grand Total: 290 creatures vanquished

Notes
Turn   | Place    | Note
-------+----------+-------------------------------------------
     0 | D:1      | Masnef the Deep Elf Summoner began the quest for the Orb.
     0 | D:1      | Reached XP level 1. HP: 10/10 MP: 6/6
   584 | D:1      | Reached XP level 2. HP: 11/15 MP: 5/8
   855 | D:1      | Reached skill level 5 in Summonings
   874 | D:1      | Learned a level 2 spell: Call Imp
  1531 | D:1      | Reached XP level 3. HP: 19/19 MP: 10/10
  1536 | D:1      | Learned a level 3 spell: Call Canine Familiar
  1949 | D:2      | Noticed Robin
  1971 | D:2      | Killed Robin
  1971 | D:2      | Reached skill level 1 in Short Blades
  2160 | D:2      | Reached XP level 4. HP: 12/24 MP: 7/12
  2775 | D:2      | Found a glowing golden altar of the Shining One.
  2853 | D:2      | Noticed a bullfrog
  2860 | D:2      | Killed a bullfrog
  3260 | D:3      | Reached skill level 5 in Spellcasting
  3283 | D:3      | Learned a level 4 spell: Summon Lightning Spire
  3370 | D:3      | Reached XP level 5. HP: 28/28 MP: 9/14
  3384 | D:3      | Learned a level 4 spell: Summon Ice Beast
  3505 | D:3      | Found a snail-covered altar of Cheibriados.
  3594 | D:3      | Found an opulent altar of Gozag.
  3594 | D:3      | Found a shattered altar of Ashenzari.
  4323 | D:4      | Found a staircase to the Ecumenical Temple.
  4330 | Temple   | Entered the Ecumenical Temple
  4347 | Temple   | Became a worshipper of Sif Muna the Loreminder
  4514 | D:4      | Found an ancient bone altar of Kikubaaqudgha.
  4809 | D:4      | Reached skill level 1 in Air Magic
  4982 | D:4      | Reached skill level 1 in Ice Magic
  4999 | D:4      | Reached XP level 6. HP: 33/33 MP: 9/16
  5019 | D:4      | Noticed Edmund
  5027 | D:4      | Killed Edmund
  5027 | D:4      | Reached skill level 1 in Fighting
  5511 | D:5      | Entered Level 5 of the Dungeon
  5516 | D:5      | Found Esasm's Gadget Boutique.
  5780 | D:5      | Reached * piety under Sif Muna
  6294 | D:5      | Reached XP level 7. HP: 38/38 MP: 6/18
  7337 | D:6      | Found Buheibuj's Antique Weapon Boutique.
  7712 | D:6      | Reached skill level 6 in Summonings
  7722 | D:6      | Found a burning altar of Makhleb.
  8127 | D:7      | Reached skill level 1 in Shields
  8270 | D:7      | Reached XP level 8. HP: 44/44 MP: 6/20
  8450 | D:7      | Reached ** piety under Sif Muna
  8677 | D:7      | Found Vumu's Serpentskin Sales.
  8827 | D:8      | Reached skill level 1 in Armour
  9180 | D:8      | Found an ornate altar of the Wu Jian Council.
  9385 | D:8      | Reached skill level 7 in Summonings
 10034 | D:9      | Noticed a hornet
 10036 | D:9      | Reached XP level 9. HP: 49/49 MP: 9/21
 10039 | D:9      | Reached skill level 8 in Summonings
 10056 | D:9      | Found a staircase to the Lair.
 10076 | D:9      | Reached *** piety under Sif Muna
 11046 | D:10     | Entered Level 10 of the Dungeon
 11100 | D:10     | Noticed Nergalle
 11113 | D:10     | Killed Nergalle
 11113 | D:10     | Reached skill level 5 in Stealth
 11113 | D:10     | Reached skill level 9 in Summonings
 11113 | D:10     | Reached skill level 1 in Invocations
 11584 | D:10     | Found a staircase to the Orcish Mines.
 11592 | D:10     | Reached **** piety under Sif Muna
 11704 | D:10     | Noticed a gargoyle
 11740 | D:10     | Killed a gargoyle
 11826 | D:10     | Noticed Josephine
 11914 | D:10     | Killed Josephine
 11914 | D:10     | Reached skill level 10 in Summonings
 11914 | D:10     | Reached XP level 10. HP: 56/56 MP: 7/22
 12113 | D:10     | Noticed Sonja
 12123 | D:10     | Killed Sonja
 12123 | D:10     | Reached skill level 5 in Dodging
 12806 | D:11     | Found a gate leading to a gauntlet.
 12848 | Gauntlet | Entered a Gauntlet
 12848 | Gauntlet | Found a transporter.
 12853 | Gauntlet | Found a transporter.
 12854 | Gauntlet | Found a transporter.
 12867 | Gauntlet | Found a transporter.
 12869 | Gauntlet | Found a transporter.
 12869 | Gauntlet | Noticed a fire crab
 12877 | Gauntlet | Found a transporter.
 12892 | Gauntlet | Found a transporter.
 12902 | Gauntlet | Found a transporter.
 12909 | Gauntlet | Noticed a purple ugly thing
 12910 | Gauntlet | Noticed a purple ugly thing
 12912 | Gauntlet | Found a transporter.
 12912 | Gauntlet | Noticed a great orb of eyes
 12917 | Gauntlet | Found a transporter.
 12917 | Gauntlet | Found a transporter.
 12945 | Gauntlet | Found a transporter.
 12945 | Gauntlet | Found a transporter.
 13007 | Gauntlet | Noticed an orange crystal statue
 13009 | Gauntlet | Found a transporter.
 13351 | Gauntlet | Reached skill level 11 in Summonings
 13363 | Gauntlet | Got a crude wooden ring
 13366 | Gauntlet | Identified the ring of Fedhas's Supremacy {rC- Str+4
                  | Slay+3} (You found it in a Gauntlet)
 13635 | Gauntlet | Identified the +6 great mace of Beogh's Hatred {antimagic,
                  | Int+2}
 13635 | Gauntlet | Noticed a minotaur
 13642 | Gauntlet | Hit by a javelin thrown by a minotaur

Levels and vault maps discovered:
D:1:      dpeg_arrival_chambers_temple_mockup, layout_basic
D:2:      layout_basic, tso_oasis_becter, chequers_decorated_corner, uniq_robin
D:3:      layout_rooms, marbit_many_paths, gammafunk_temple_overflow_elements
D:4:      layout_loops_ring, old_standard_altar,
          minmay_temple_entry_butterflies, first_ration, uniq_edmund
D:5:      layout_basic, serial_shops, shop
D:6:      layout_loops_ring, lemuel_coloured_pillars_altar, serial_shops, shop
D:7:      layout_rooms, grunt_ogre_cave, minivault_4, guppyfry_shop_venom
D:8:      layout_basic, kennysheep_mini_moat
D:9:      layout_basic, erik_lair_orcish_takeover
D:10:     layout_gridville, orc_0_dummy, uniq_nergalle, uniq_josephine,
          uniq_sonja
D:11:     layout_loops_cross, gauntlet_entry_generic,
          ebering_dispersal_statue_hall, trog_ov_bears_minmay
Temple:   eino_wide_crystal_templ
Gauntlet: minmay_gauntlet_77_tree [minmay_gauntlet_arena_77_box,
          minmay_gauntlet_arena_77_double_cross,
          minmay_gauntlet_arena_77_terracotta_army,
          minmay_gauntlet_arena_77_tiled_triplets,
          minmay_gauntlet_arena_77_mess, minmay_gauntlet_arena_77_two_lines,
          minmay_gauntlet_arena_77_broken_ladder,
          nicolae_gauntlet_exit_dead_adventurers]

Skill      XL: |  1  2  3  4  5  6  7  8  9 10 |
---------------+-------------------------------+-----
Summonings     | 5 6 7 10 11 | 11.0
Spellcasting   | 4 5 6 7 |  7.0
Short Blades   | 1 2 3 4 |  4.0
Dodging        | 3 4 5 |  5.3
Air Magic      | 1 2 3 |  3.0
Ice Magic      | 1 2 3 |  3.1
Fighting       | 1 2 3 4 |  4.3
Stealth        | 3 4 5 |  5.7
Shields        | 1 2 3 4 |  4.0
Armour         | 1 |  1.0
Invocations    | 2 3 |  3.3

Action                   |  1- 3 |  4- 6 |  7- 9 | 10-12 || total
-------------------------+-------+-------+-------+-------++-------
Melee: Short sword       |    76 |     4 |       |       ||    80
       Unarmed           |     3 |       |       |       ||     3
       Dagger            |       |   149 |   236 |    36 ||   421
 Cast: Summon Small Mamm |    36 |       |       |       ||    36
       Call Imp          |    11 |    16 |     1 |       ||    28
       Call Canine Famil |     3 |    11 |     6 |     2 ||    22
       Summon Lightning  |       |     9 |    33 |    12 ||    54
       Summon Ice Beast  |       |     5 |    63 |    16 ||    84
Invok: Channel Magic     |       |       |       |     1 ||     1
Evoke: Wand              |       |       |     4 |     2 ||     6
       Sack of spiders   |       |       |       |     1 ||     1
  Use: Scroll            |     1 |     4 |    10 |     3 ||    18
       Potion            |       |       |     2 |     7 ||     9
 Stab: Sleeping          |     4 |     8 |     8 |       ||    20
       Distracted        |       |       |     4 |     1 ||     5
       Invisible         |       |       |       |     1 ||     1
  Eat: Chunk             |     4 |    15 |    21 |       ||    40
       Ration            |       |       |     2 |     2 ||     4
Armor: Robe              |    27 |    39 |    66 |    24 ||   156
       Skin              |       |       |     3 |       ||     3
Dodge: Dodged            |    72 |   120 |   177 |    37 ||   406
Block: Buckler           |       |       |    23 |    17 ||    40
